 Dungeon Crawl Stone Soup version 0.31.0-9-g3a7656b989 (webtiles) character file.

Game seed: 3519188728079610848

98 qw the Shooter (level 4, 0/25 HPs)
             Began as a Deep Elf Hunter on Feb 2, 2024.
             Slain by an orc wizard
             ... wielding a +0 dagger
              (4 damage)
             ... on level 3 of the Dungeon.
             The game lasted 00:00:04 (1520 turns).

qw the Shooter (Deep Elf Hunter)                    Turns: 1520, Time: 00:00:05

Health: 0/25       AC:  7    Str: 10    XL:     4   Next: 44%
Magic:  6/6        EV: 11    Int: 14    God:
Gold:   112        SH:  0    Dex: 18    Spells: 3/3 levels left

rFire   . . .        a - +0 shortbow (drain)
rCold   . . .        (shield currently unavailable)
rNeg    . . .        n - +0 ring mail
rPois   .            h - +0 helmet
rElec   .            (no cloak)
rCorr   .            (no gloves)
SInv    .            d - +0 pair of boots
Will    .....        (no amulet)
Stlth   +            (no ring)
HPRegen 0.24/turn    (no ring)
MPRegen 0.10/turn

%: no passive effects
@: no status effects
A: no striking features
a: no special abilities


You were on level 3 of the Dungeon.
You visited 1 branch of the dungeon, and saw 3 of its levels.

You collected 112 gold pieces.


   Skills:
 - Level 1.5 Fighting
 + Level 7.9 Ranged Weapons
 - Level 2.4 Dodging
 - Level 1.2 Stealth


You had 3 spell levels left.
You didn't know any spells.
Your spell library was empty.

Inventory:

Hand Weapons
 a - a +0 shortbow of draining (weapon)
Armour
 d - a +0 pair of boots (worn)
 h - a +0 helmet (worn)
 n - a +0 ring mail (worn)
Scrolls
 b - a scroll of revelation {unknown}
 c - a scroll of identify {unknown}
Potions
 f - 3 potions of curing {unknown}
 g - a potion of heal wounds {unknown}
 i - a potion of resistance {unknown}
 l - 2 potions of degeneration {unknown}
 m - a potion of invisibility {unknown}

Dungeon Overview and Level Annotations

Branches:
Dungeon (3/15)

Altars:


Message History

Something hits you but does no damage.
You shoot an arrow. The arrow hits the adder.
You drain the adder.
The adder is severely wounded.
The adder barely misses you. Something hits you but does no damage.
The adder bites you but does no damage.
You shoot an arrow. The arrow hits the adder!
You kill the adder!
You hear some strange, mumbled words.
A puff of flame appears from out of thin air!
The puff of flame hits you!
Ouch! That really hurt!
The ribbon worm expels a string of sticky webbing.
The stream of webbing hits something but does no damage.
You have reached level 4!
You feel clever.
You shoot an arrow. Something hits you but does no damage.
Something you can't see is thrashing in a web.
You shoot an arrow.
Reactivating autopickup.
You feel a bit more experienced. Something hits you but does no damage.
Deactivating autopickup; reactivate with Ctrl-A.
You shoot an arrow.
The arrow hits the ribbon worm but does no damage.
You drain the ribbon worm.
The ribbon worm is lightly wounded.
Something hits you but does no damage.
The ribbon worm bites you but does no damage.
You shoot an arrow. The arrow hits the ribbon worm.
You drain the ribbon worm.
The ribbon worm is severely wounded.
Something hits you. The ribbon worm bites you.
You shoot an arrow. The arrow hits the ribbon worm.
You drain the ribbon worm.
The ribbon worm is almost dead.
Something hits you but does no damage. The ribbon worm closely misses you.
You shoot an arrow. The arrow hits the ribbon worm!
You kill the ribbon worm!
Something hits you.
You shoot an arrow. Something hits you.
You die...

..#. .##.#.
'....# #....
#.... #....
#...)### #{@.##
###..# ##.####
#....## #.....#
#.....# #.....##
#......#
######.#########


There were no monsters in sight!

Vanquished Creatures
  An orc wizard (D:3)
  3 adders (D:3)
  A dart slug (D:1)
  A ribbon worm (D:3)
  3 orcs (D:3)
  3 ball pythons
  2 bats (D:1)
  2 endoplasms
  3 giant cockroaches
  3 goblins
  4 hobgoblins
  2 quokkas
  5 frilled lizards (D:1)
  2 kobolds
  4 rats
39 creatures vanquished.

Notes
Turn   | Place    | Note
-------+----------+-------------------------------------------
     0 | D:1      | qw the Deep Elf Hunter began the quest for the Orb.
     0 | D:1      | Reached XP level 1. HP: 12/12 MP: 3/3
     0 | D:1      | 0 ||| qw: Version: 0.3-a-155-g5e7d8dd
     0 | D:1      | 0 ||| qw: Game counter: 1267
     0 | D:1      | 0 ||| qw: Melee chars always use a shield: true
     0 | D:1      | 0 ||| qw: God list: Okawaru
     0 | D:1      | 0 ||| qw: Allow faded altars: false
     0 | D:1      | 0 ||| qw: Do Orc after clearing Dungeon:15 true
     0 | D:1      | 0 ||| qw: Do second Lair branch before Depths: true
     0 | D:1      | 0 ||| qw: Lair rune preference: random
     0 | D:1      | 0 ||| qw: Goals: Normal
     0 | D:1      | 0 ||| PLANNING D:1-11
   164 | D:1      | Reached skill level 6 in Ranged Weapons
   164 | D:1      | Reached XP level 2. HP: 16/16 MP: 4/4
   577 | D:1      | 577 ||| UPGRADING to +0 pair of boots.
   582 | D:1      | 582 ||| UPGRADING to +0 helmet.
   587 | D:1      | 587 ||| READING scroll labelled UFUFUO OMIXOD.
   588 | D:1      | 588 ||| DROPPING scroll of butterflies.
   888 | D:2      | Reached XP level 3. HP: 20/20 MP: 5/5
  1178 | D:2      | 1178 ||| UPGRADING to +0 ring mail.
  1188 | D:2      | 1188 ||| DROPPING +0 leather armour.
  1189 | D:2      | 1189 ||| READING 2 scrolls labelled YFFONA RYACK.
  1190 | D:2      | 1190 ||| READING scroll labelled ESOICWOPHO.
  1191 | D:2      | 1191 ||| READING scroll labelled ETOUXK UREDI.
  1191 | D:2      | 1191 ||| BRANDING +0 shortbow.
  1192 | D:2      | 1192 ||| DRINKING 2 amethyst potions.
  1192 | D:2      | Gained mutation: Your mind is acute. (Int +4, Str/Dex -1)
                  | [potion of mutation]
  1192 | D:2      | Gained mutation: Potions are less effective at restoring
                  | your health. [potion of mutation]
  1193 | D:2      | 1193 ||| DRINKING potion of mutation.
  1193 | D:2      | Lost mutation: Potions are less effective at restoring your
                  | health. [potion of mutation]
  1193 | D:2      | Lost mutation: Your mind is acute. (Int +4, Str/Dex -1)
                  | [potion of mutation]
  1193 | D:2      | Gained mutation: You are strong-willed. (Will+) [potion of
                  | mutation]
  1193 | D:2      | Lost mutation: You are strong-willed. (Will+) [potion of
                  | mutation]
  1194 | D:2      | 1194 ||| DROPPING scroll of immolation.
  1320 | D:3      | Reached skill level 7 in Ranged Weapons
  1513 | D:3      | HP: 5/20 [something/puff of flame (10)]
  1514 | D:3      | Reached XP level 4. HP: 6/25 MP: 6/6
  1519 | D:3      | HP: 4/25 [something (2)]
  1520 | D:3      | Slain by an orc wizard

Levels and vault maps discovered:
D:1:      lightli_arrival_quake, layout_basic
D:2:      layout_loops_ring
D:3:      layout_basic

Skill      XL: |  1  2  3 |
---------------+----------+-----
Ranged Weapons | 6 7 |  7.9
Fighting       | |  1.5
Dodging        | |  2.4
Stealth        | |  1.2

Action                     |  1- 3 |  4- 6 || total
---------------------------+-------+-------++-------
   Fire: Shortbow          |    98 |     7 ||   105
    Use: Scroll            |     4 |       ||     4
         Potion            |     2 |       ||     2
 Armour: Leather armour    |     9 |       ||     9
         Ring mail         |     6 |     9 ||    15
  Dodge: Dodged            |    11 |     1 ||    12

Table legend:
 A = Non-vault XP
 B = Vault XP
 C = Vault XP percentage of total XP
 D = Non-vault monster count
 E = Vault monster count
 F = Vault count percentage of total count
                 A         B        C        D         E       F
            +---------+---------+-------+---------+---------+-------
      Total |     141 |       0 |   0.0 |      39 |       0 |   0.0
            +---------+---------+-------+---------+---------+-------
        D:1 |      32 |       0 |   0.0 |      19 |       0 |   0.0
        D:2 |      16 |       0 |   0.0 |       9 |       0 |   0.0
        D:3 |      93 |       0 |   0.0 |      11 |       0 |   0.0
            +---------+---------+-------+---------+---------+-------
